 Dungeon Sprint DCSS version 0.30-a0-802-gb92711bcdf (webtiles) character file.

Game seed: 5294692246937223618

5710 BigDaddyOpFi the Demonic Aeon (level 10, 0/87 HPs)
             Began as a Demonspawn Fighter on Feb 23, 2023.
             Was the Champion of Cheibriados.
             Slain by a vampire knight
             ... wielding a +0 great mace
              (20 damage)
             ... in the Dungeon (Sprint VII: "The Pits").
             The game lasted 00:03:10 (1479 turns).

BigDaddyOpFi the Demonic Aeon (Demonspawn Fighter)  Turns: 1479, Time: 00:03:10

Health: 0/87       AC: 17    Str: 35    XL:     10   Next: 48%
Magic:  20/23      EV: 12    Int: 28    God:    Cheibriados [******]
Gold:   0          SH:  8    Dex: 28    Spells: 9/9 levels left

rFire   . . .      SeeInvis .    b - +1 broad axe (freeze)
rCold   . . .      Faith    .    c - +0 buckler
rNeg    . . .      Spirit   .    p - +4 chain mail
rPois   .          Reflect  .    o - +0 helmet
rElec   .          Harm     .    (no cloak)
rCorr   .          Rampage  .    (no gloves)
Will    .....      NoTele   +    (no boots) Stlth
                                 (no amulet)
HPRegen 0.34/turn                m - +3 ring of intelligence
MPRegen 0.18/turn                n - +3 ring of evasion

@: very slow
A: claws 2, hooves 1, demonic guardian 2, spiny 1, weakness stinger 2
a: Renounce Religion, Bend Time, Temporal Distortion, Slouch, Step From Time


You were in the Dungeon.
You worshipped Cheibriados.
Cheibriados was exalted by your worship.
You visited 1 branch

Inventory:

Hand Weapons
 b - a +1 broad axe of freezing (weapon)
Armour
 c - a +0 buckler (worn)
 o - a +0 helmet (worn)
 p - a +4 chain mail (worn)
Jewellery
 m - a +3 ring of intelligence (left claw)
 n - a +3 ring of evasion (right claw)
Scrolls
 j - a scroll of blinking
Potions
 d - a potion of might
 e - 7 potions of curing
 g - 2 potions of haste
 h - 4 potions of magic
 i - 3 potions of berserk rage
 k - 2 potions of invisibility
 l - 7 potions of heal wounds
 q - a potion of brilliance


   Skills:
 + Level 11.0 Fighting
 + Level 9.7 Axes
 + Level 10.0 Armour
 + Level 10.0 Shields
 * Level 18.5 Invocations


You had 9 spell levels left.
You didn't know any spells.
Your spell library was empty.

Dungeon Overview and Level Annotations

Branches:
Dungeon (1/1)

Altars:
Ashenzari
Cheibriados
Dithmenos
Fedhas
Gozag
Hepliaklqana
Kikubaaqudgha
Makhleb
Nemelex Xobeh
Okawaru
Qazlal
Ru
Sif Muna
Trog
Uskayaw
Vehumet
Wu Jian
Xom
Yredelemnul
Jiyva
Lugonu


Innate Abilities, Weirdness & Mutations

You have very sharp fingernails.
You have large cloven feet.
A demonic guardian rushes to your aid.
You are partially covered in sharp spines.
You have a tail ending in a sharp stinger.


Message History

The ice devil hits you but does no damage.
You slash the ice devil!
You kick the ice devil, but do no damage.
The ice devil is lightly wounded.
You slash the wizard! You freeze the wizard. The wizard completely misses you.
The ice devil hits you but does no damage.
The vampire knight mumbles some strange words.
The vampire knight flickers and vanishes!
Deactivating autopickup; reactivate with Ctrl-A.
The spriggan misses you.
You slash the ice devil! You kick the ice devil.
The ice devil is severely wounded.
You slash the wizard! You freeze the wizard.
You kill the wizard!
Cheibriados appreciates the change of pace.
The ice devil hits you.
A demonic guardian appears!
The ice devil freezes you!
You hear some strange, mumbled words.
The spriggan misses you. You block the ice devil's attack.
Your Fighting skill increases to level 11!
Your Armour skill increases to level 10!
Your Shields skill increases to level 10!
You slice the ice devil!!
You kill the ice devil!
Cheibriados appreciates the change of pace.
The spriggan hits you but does no damage.
You slash something! You freeze something. You kick something.
You tail-slap something. Something barely misses you.
Something bites you but does no damage. Something completely misses you.
You block something's attack.
Your ice devil barely misses something.
You barely miss something. You kick something.
Your tail-slap misses something.
Something hits you. Something bites you but does no damage.
You block the spriggan's attack.
Your ice devil completely misses something.
Something hits you! Something bites you but does no damage.
You barely miss something. Your kick misses something. Something hits you!!
* * * LOW HITPOINT WARNING * * *
Something bites you but does no damage.
Your ice devil barely misses something.
The spriggan hits you but does no damage.
Something hits you!!
You die...

#####''######
...##''################
...##..#.....)........#
...##..##.....)[÷......
...##..####...#'######.
...##..#..#####.##...#
...##..#....##...#...#
...##..'.....#..4#i..#
#####..'.)...'.)@{.$.+
#####..'.....#...#...#
..[##..#....##...#...#
..[##..#..#####.##...#
.))##..####.†.#'######.
!))##..##..............
.))##..#..............#
#######################


You could see a spriggan (ally target) and a friendly ice devil (summoned).

Vanquished Creatures
  A deep troll (D)
  2 lindwurms (D)
  A wizard (D)
  An orc knight (D)
  A guardian serpent (D)
  A komodo dragon (D)
  An ice devil (D)
  A tarantella (D)
  A hornet (D)
  4 dream sheep (D)
  A jumping spider (D)
  A steam dragon (D)
  A warg (D)
  2 water moccasins (D)
  2 orc warriors (D)
  A centaur (D)
  A kobold brigand (D)
  2 scorpions (D)
  2 jellies (D)
  A gnoll bouda (D)
  A gnoll (D)
  3 adders (D)
  A white imp (D)
  2 orcs (D)
  A bat zombie (D)
  2 giant cockroaches (D)
  A goblin (D)
  3 jackals (D)
  A bat (D)
  2 frilled lizards (D)
  A kobold (D)
  A quokka skeleton (D)
  A rat (D)
48 creatures vanquished.

Vanquished Creatures (collateral kills)
  A red devil (D)
  An orc warrior (D)
2 creatures vanquished.

Grand Total: 50 creatures vanquished

Notes
Turn   | Place    | Note
-------+----------+-------------------------------------------
     0 | D        | BigDaddyOpFi the Demonspawn Fighter began the quest for the
                  | Orb.
     0 | D        | Reached XP level 1. HP: 18/18 MP: 1/1
    16 | D        | Found a bloodstained altar of Trog.
    16 | D        | Found a shimmering blue altar of Sif Muna.
    16 | D        | Found a viscous altar of Jiyva.
    16 | D        | Found a hazy altar of Hepliaklqana.
    16 | D        | Found an opulent altar of Gozag.
    17 | D        | Found a basalt altar of Yredelemnul.
    17 | D        | Found a shimmering altar of Xom.
    17 | D        | Found an ornate altar of the Wu Jian Council.
    17 | D        | Found a sacrificial altar of Ru.
    17 | D        | Found a stormy altar of Qazlal.
    17 | D        | Found an iron altar of Okawaru.
    17 | D        | Found a sparkling altar of Nemelex Xobeh.
    17 | D        | Found a burning altar of Makhleb.
    17 | D        | Found a blossoming altar of Fedhas.
    17 | D        | Found a shadowy altar of Dithmenos.
    17 | D        | Found a snail-covered altar of Cheibriados.
    18 | D        | Found a radiant altar of Vehumet.
    18 | D        | Found a corrupted altar of Lugonu.
    19 | D        | Found an ancient bone altar of Kikubaaqudgha.
    19 | D        | Found a hide-covered altar of Uskayaw.
    19 | D        | Found a broken altar of Ashenzari.
    28 | D        | Became a worshipper of Cheibriados the Contemplative
    55 | D        | Noticed a scorpion
    61 | D        | Reached skill level 2 in Invocations
    61 | D        | Gained mutation: You are partially covered in sharp spines.
                  | [demonic ancestry]
    61 | D        | Reached XP level 2. HP: 24/24 MP: 1/3
    65 | D        | Killed a scorpion
    65 | D        | Reached * piety under Cheibriados
    66 | D        | Reached skill level 5 in Invocations
    66 | D        | Reached XP level 3. HP: 15/31 MP: 1/7
    66 | D        | Discovered your monstrous ancestry.
    66 | D        | Gained mutation: You have large cloven feet. [demonic
                  | ancestry]
    66 | D        | Reached XP level 4. HP: 18/38 MP: 1/8
   194 | D        | Noticed a warg
   195 | D        | Noticed a scorpion
   206 | D        | Killed a scorpion
   206 | D        | Reached ** piety under Cheibriados
   207 | D        | Reached skill level 5 in Fighting
   207 | D        | Reached skill level 7 in Invocations
   207 | D        | Gained mutation: You have a small tail. [demonic ancestry]
   207 | D        | Reached XP level 5. HP: 25/44 MP: 8/10
   216 | D        | Killed a warg
   216 | D        | Reached *** piety under Cheibriados
   217 | D        | Reached skill level 5 in Armour
   217 | D        | Reached skill level 5 in Shields
   217 | D        | Reached skill level 9 in Invocations
   490 | D        | Noticed a centaur
   494 | D        | Reached **** piety under Cheibriados
   497 | D        | Gained mutation: You have sharp fingernails. [demonic
                  | ancestry]
   497 | D        | Reached XP level 6. HP: 52/52 MP: 12/12
   500 | D        | Reached ***** piety under Cheibriados
   501 | D        | Reached skill level 5 in Axes
   502 | D        | Reached skill level 10 in Invocations
   525 | D        | Noticed a water moccasin
   533 | D        | Killed a water moccasin
   534 | D        | Reached skill level 11 in Invocations
   534 | D        | Gained mutation: You have a tail ending in a sharp stinger.
                  | [demonic ancestry]
   534 | D        | Reached XP level 7. HP: 49/60 MP: 15/15
   672 | D        | Reached ****** piety under Cheibriados
   683 | D        | Noticed a dream sheep
   683 | D        | Noticed a dream sheep
   683 | D        | Noticed a dream sheep
   683 | D        | Noticed a dream sheep
   683 | D        | Noticed a tarantella
   684 | D        | Killed a tarantella
   685 | D        | Reached skill level 12 in Invocations
   688 | D        | Killed a dream sheep
   688 | D        | Killed a dream sheep
   688 | D        | Killed a dream sheep
   688 | D        | Killed a dream sheep
   689 | D        | Reached skill level 14 in Invocations
   689 | D        | Gained mutation: A weak demonic guardian rushes to your
                  | aid. [demonic ancestry]
   689 | D        | Reached XP level 8. HP: 65/69 MP: 10/18
   820 | D        | Noticed a lindwurm
   820 | D        | Noticed a red devil
   825 | D        | Killed a red devil
   828 | D        | Killed a lindwurm
   829 | D        | Reached skill level 15 in Invocations
   829 | D        | Gained mutation: You have very sharp fingernails. [demonic
                  | ancestry]
   829 | D        | Reached XP level 9. HP: 44/76 MP: 14/20
  1035 | D        | Noticed a guardian serpent
  1035 | D        | Noticed a komodo dragon
  1035 | D        | Noticed a deep troll
  1038 | D        | Killed a guardian serpent
  1039 | D        | Reached skill level 16 in Invocations
  1039 | D        | Killed a komodo dragon
  1039 | D        | Killed a deep troll
  1040 | D        | Reached skill level 10 in Fighting
  1211 | D        | Noticed a lindwurm
  1211 | D        | Noticed an orc knight
  1219 | D        | Reached skill level 17 in Invocations
  1221 | D        | Killed a lindwurm
  1222 | D        | Gained mutation: A demonic guardian rushes to your aid.
                  | [demonic ancestry]
  1222 | D        | Reached XP level 10. HP: 40/86 MP: 16/22
  1228 | D        | Killed an orc knight
  1230 | D        | Reached skill level 18 in Invocations
  1470 | D        | Noticed a spriggan rider
  1470 | D        | Noticed a wizard
  1471 | D        | Noticed a vampire knight
  1475 | D        | Killed a wizard
  1476 | D        | Reached skill level 10 in Armour
  1476 | D        | Reached skill level 10 in Shields
  1479 | D        | Slain by a vampire knight

Illustrated notes

Levels and vault maps discovered:
D:        pitsprint [storerooms_1, entrance_room_1, metal_vault_1, armoury_3,
          mini_pit_1, grid_room_1, main_hall_1, silver_pit, the_coven_1,
          the_vestibule_1, steel_vault_3, golden_pit, hallway_of_sentries,
          crystal_vault_4, iron_vault_4, final_vault]

Skill      XL: |  1  2  3  4  5  6  7  8  9 10 |
---------------+-------------------------------+-----
Axes           | 2 3 4 5 7 8 9 |  9.7
Armour         | 3 4 5 6 7 8 9 10 | 10.0
Shields        | 3 4 5 6 7 8 9 10 | 10.0
Invocations    | 2 5 7 9 11 14 15 17 18 | 18.5
Fighting       | 4 5 6 7 8 9 10 11 | 11.0

Action                     |  1- 3 |  4- 6 |  7- 9 | 10-12 || total
---------------------------+-------+-------+-------+-------++-------
  Melee: War axe           |    11 |    38 |    12 |       ||    61
         Kick              |       |     8 |     9 |     5 ||    22
         Tailslap          |       |     1 |     4 |     2 ||     7
         Broad axe         |       |       |    11 |    11 ||    22
 Invoke: Slouch            |       |       |     4 |     1 ||     5
    Use: Potion            |       |     1 |     4 |     2 ||     7
 Armour: Scale mail        |     5 |    19 |     5 |       ||    29
         Chain mail        |       |       |    25 |     9 ||    34
  Dodge: Dodged            |     6 |    25 |    34 |    10 ||    75
  Block: Buckler           |     1 |    13 |    21 |    11 ||    46

Table legend: (Time is in decaauts)
 A = Elapsed time spent in this place.
 B = Non-inter-level travel time spent in this place.
 C = Inter-level travel time spent in this place.
 D = Time resting spent in this place.
 E = Time spent auto-exploring this place.
 F = Levels seen in this place.
 G = Mean time per level.
                   A        B        C        D        E       F      G
               +--------+--------+--------+--------+--------+-----+--------+
         Total |   1719 |   1593 |    126 |   1039 |      0 |   1 | 1719.0 |
       Dungeon |   1719 |   1593 |    126 |   1039 |      0 |   1 | 1719.0 |
               +--------+--------+--------+--------+--------+-----+--------+

Top non-repeatable levels by time:
       D: 1719 daAuts
